 Dungeon Crawl Stone Soup version 0.32-a0-86-g8db1b9f803 (webtiles) character file.

Game seed: 8517177030717996364

18210 Newt the Fighter (level 12, -4/102 HPs)
             Began as a Demonspawn Gladiator on Feb 5, 2024.
             Was a High Priest of Makhleb.
             Slain by a two-headed ogre
             ... wielding a +0 giant club
              (14 damage)
             ... on level 13 of the Dungeon.
             The game lasted 00:22:54 (15169 turns).

Newt the Fighter (Demonspawn Gladiator)            Turns: 15169, Time: 00:22:55

Health: -4/102     AC: 23    Str: 19    XL:     12   Next: 25%
Magic:  19/19      EV: 14    Int: 10    God:    Makhleb [*****.]
Gold:   862        SH:  0    Dex: 14    Spells: 11/11 levels left

rFire   . . .        K - +5 great sword
rCold   . . .        (shield currently unavailable)
rNeg    . . .        N - +3 leather armour
rPois   .            c - +0 helmet
rElec   .            W - +0 cloak
rCorr   .            P - +0 pair of gloves
SInv    .            J - +0 pair of boots
Will    +....        B - amulet of faith
Stlth   +++          i - +4 ring of protection
HPRegen 0.37/turn    u - ring of willpower
MPRegen 0.16/turn

%: faith
@: sanguine armoured
A: foul stench 1, powered by death 3, sanguine armour 2, weakness stinger 2,
sense surroundings 1, no potion heal 1
a: Renounce Religion, Minor Destruction, Lesser Servant of Makhleb, Major
Destruction, Greater Servant of Makhleb


You were on level 13 of the Dungeon.
You worshipped Makhleb.
Makhleb was extremely pleased with you.
You visited 2 branches of the dungeon, and saw 14 of its levels.
You also visited: Ossuary.

You collected 862 gold pieces.

Inventory:

Hand Weapons
 a - a +0 rapier
 j - a +2 dagger of speed
 E - a +0 short sword of electrocution
 K - a +5 great sword (weapon)
Missiles
 e - a javelin
 l - a silver javelin
 x - 10 curare-tipped darts
 z - 52 poisoned darts (quivered)
 A - 6 throwing nets
 F - 3 boomerangs
 M - 6 darts of dispersal
Armour
 c - a +0 helmet (worn)
 J - a +0 pair of boots (worn)
 N - a +3 leather armour (worn)
 P - a +0 pair of gloves (worn)
 W - a +0 cloak (worn)
Jewellery
 i - a +4 ring of protection (left hand)
 u - a ring of willpower (right hand)
 B - an amulet of faith (around neck)
 H - a ring of magical power
 U - a ring of flight
 V - a ring of poison resistance
 X - a ring of protection from cold
Wands
 d - a wand of mindburst (24)
 f - a wand of flame (17)
 v - a wand of digging (11)
 R - a wand of acid (4)
Scrolls
 b - a scroll of poison {unknown}
 g - 2 scrolls of torment
 h - 2 scrolls of amnesia
 q - 3 scrolls of immolation
 r - 2 scrolls of fear
 y - 2 scrolls of fog
 D - 4 scrolls of teleportation
 I - 4 scrolls of blinking
 Q - a scroll of vulnerability
Potions
 k - 2 potions of resistance {unknown}
 m - 3 potions of attraction
 n - 2 potions of heal wounds
 o - 2 potions of ambrosia
 s - 2 potions of degeneration
 t - a potion of haste
 w - 4 potions of mutation
 C - 3 potions of enlightenment {unknown}
 G - a potion of invisibility {unknown}
 L - a potion of cancellation {unknown}
 O - 2 potions of brilliance {unknown}
 S - a potion of lignification {unknown}
 T - 5 potions of curing {unknown}
 Y - a potion of might {unknown}
 Z - a potion of magic {unknown}


   Skills:
 + Level 12.1 Fighting
 - Level 4.5(6.5) Short Blades
 - Level 7.3(8.0) Long Blades
 - Level 6.3 Throwing
 - Level 6.0 Dodging
 - Level 5.0 Stealth
 * Level 10.1 Invocations
 - Level 5.2 Evocations


You had 11 spell levels left.
You didn't know any spells.
Your spell library contained the following spells:

 Spells                   Type           Power      Damage    Failure   Level
 Apportation              Tloc           0%         N/A       41%         1
 Freeze                   Ice            0%         1d3       41%         1
 Shock                    Conj/Air       0%         1d3       41%         1
 Jinxbite                 Hex            0%         N/A       56%         2
 Lesser Beckoning         Tloc           0%         N/A       56%         2
 Frozen Ramparts          Ice            0%         1d1       80%         3
 Gell's Gravitas          Tloc           0%         N/A       80%         3
 Hailstorm                Conj/Ice       0%         3d5       80%         3
 Summon Ice Beast         Ice/Summ       0%         N/A       80%         3
 Teleport Other           Tloc           0%         N/A       80%         3
 Alistair's Intoxication  Alch           0%         N/A       100%        5
 Metabolic Englaciation   Hex/Ice        0%         N/A       100%        5
 Sculpt Simulacrum        Ice/Alch       0%         N/A       100%        6
 Polar Vortex             Ice            0%         N/A       100%        9


Dungeon Overview and Level Annotations

Branches:
Dungeon (13/15)            Temple (1/1) D:5            Lair (0/5) D:11
    Orc (0/2) D:12         Vaults (0/5) D:13        Ossuary (visited)

Altars:
Ashenzari
Cheibriados
Dithmenos
Gozag
Hepliaklqana
Kikubaaqudgha
Makhleb
Nemelex Xobeh
Okawaru
Qazlal
Ru
Sif Muna
Trog
Uskayaw
Vehumet
Wu Jian
Xom
Yredelemnul

Annotations:
D:3 1 runed translucent door, Crazy Yiuf
D:8 2 runed translucent doors, napier2's ghost, novice MiBe


Innate Abilities, Weirdness & Mutations

You may rarely emit foul miasma when damaged in melee.
You regenerate a lot of health from kills.
When seriously injured, your blood forms thick armour. (AC +9)
You have a tail ending in a sharp stinger.
You passively map a small area around you.
Potions are less effective at restoring your health.


Message History

Aim: an ogre, wielding a +0 giant spiked club (heavily wounded, fast, 88% to hit)
The bolt of acid hits something!
The acid corrodes something!
The bolt of acid hits the ogre!
The acid corrodes the ogre!
You kill the ogre!
Makhleb accepts your kill.
You feel better.
You hear some strange, mumbled words.
You suddenly lose the ability to move!
Something hits you.
You can move again.
Unknown command.
Unknown command.
You slash the two-headed ogre!
The two-headed ogre is moderately wounded.
The two-headed ogre closely misses you. x2
Something hits you but does no damage. The two-headed ogre misses you.
The two-headed ogre hits you with a +0 giant club.
You hit the two-headed ogre.
You tail-slap the two-headed ogre, but do no damage.
The two-headed ogre is moderately wounded.
Something hits you. The two-headed ogre barely misses you.
The two-headed ogre misses you.
Unknown command.
You closely miss the two-headed ogre.
The two-headed ogre is moderately wounded.
The two-headed ogre barely misses you.
The two-headed ogre hits you with a +0 giant club!
Something hits you!
Unknown command.
You slash the two-headed ogre!
Your tail-slap misses the two-headed ogre.
The two-headed ogre is heavily wounded.
The two-headed ogre hits you with a +0 giant club!!
* * * LOW HITPOINT WARNING * * *
The two-headed ogre hits you with a +0 giant club.
* * * LOW HITPOINT WARNING * * *
Something barely misses you.
The two-headed ogre hits you with a +0 giant club!
You die...

..........####.......##
#.....
..........[....#.#####
#.....
.......(..######.#
#....< #.........# #.#
#..... #.........# #.#
###### #.........# #.#
########### #.# #4# #@#
##O###### #O{O....# *
#.lO....# +.......# *
#.......# * #.......# *
#.......# #.......#


You could see 2 two-headed ogres, a basilisk (misshapen), 2 ogres and a friendly
orange demon (summoned).

Vanquished Creatures
  A vault guard (D:13)
  2 centaur warriors (D:13)
  2 two-headed ogres
  An obsidian statue (D:10)
  A glowing orange brain (D:13)
  Pikel (D:6)
  A deep elf pyromancer (D:13)
  2 cyclopes
  A gargoyle (D:11)
  An unseen horror (D:11)
  An efreet (D:13)
  Jeremiah (D:8)
  2 kobold demonologists
  3 trolls
  4 slime creatures (D:12)
  Sigmund (D:4)
  13 yaks
  5 wraiths
  Eustachio (D:4)
  2 steam dragons
  3 vampire mosquitoes (D:10)
  An acid dragon (D:11)
  2 water moccasins (D:9)
  3 orc warriors
  A sky beast (D:7)
  A black bear (D:7)
  An ice beast (D:5)
  6 ogres
  5 centaurs
  A lemure (D:6)
  2 elf zombies (Ossuary)
  4 bullfrogs
  A weeping skull (Ossuary)
  Blork the orc (D:4)
  5 kobold brigands
  5 gnoll sergeants
  5 scorpions
  8 wights
  11 killer bees
  A howler monkey (D:8)
  2 centaur zombies (Ossuary)
  2 human zombies (Ossuary)
  3 bombardier beetles
  8 hounds
  A jelly (D:6)
  A gnoll bouda (D:6)
  5 orc priests
  Jessica (D:2)
  3 sleepcaps
  Ijyb (D:4)
  5 iguanas
  14 orc wizards
  A crocodile zombie (Ossuary)
  4 hound zombies (Ossuary)
  Robin (D:2)
  3 mummies (Ossuary)
  29 gnolls
  4 adders
  3 shadow imps
  A white imp (D:7)
  2 ufetubi (D:6)
  4 adder zombies (Ossuary)
  2 ribbon worms
  2 dart slugs
  39 orcs
  6 ball pythons
  8 bats
  5 endoplasms
  2 giant cockroaches
  2 gnoll zombies (Ossuary)
  7 hobgoblins
  16 jackals
  5 quokkas
  2 ball python zombies (Ossuary)
  10 goblins
  5 jackal zombies (Ossuary)
  14 kobolds
  A kobold zombie (Ossuary)
  3 orc zombies (Ossuary)
  4 rats
344 creatures vanquished.

Vanquished Creatures (others)
  An orc priest (D:7)
  2 orcs (D:7)
3 creatures vanquished.

Grand Total: 347 creatures vanquished

Notes
Turn   | Place    | Note
-------+----------+-------------------------------------------
     0 | D:1      | Newt the Demonspawn Gladiator began the quest for the Orb.
     0 | D:1      | Reached XP level 1. HP: 16/16 MP: 1/1
    96 | D:1      | Got the Atlas of Combative Refrigeration
   121 | D:1      | Gained mutation: You may rarely emit foul miasma when
                  | damaged in melee. [demonic ancestry]
   121 | D:1      | Reached XP level 2. HP: 19/22 MP: 2/2
   716 | D:2      | Reached XP level 3. HP: 28/28 MP: 3/3
   718 | D:2      | Noticed Robin
  1251 | D:2      | Killed Robin
  1252 | D:2      | Reached skill level 3 in Fighting
  1252 | D:2      | Gained mutation: When seriously injured, your blood forms
                  | armour. (AC +9) [demonic ancestry]
  1252 | D:2      | Reached XP level 4. HP: 34/35 MP: 4/4
  1288 | D:2      | Noticed Jessica
  1298 | D:2      | Killed Jessica
  1797 | D:3      | Gained mutation: You have a small tail. [demonic ancestry]
  1797 | D:3      | Reached XP level 5. HP: 33/41 MP: 5/5
  2328 | D:3      | Found a runed translucent door.
  2329 | D:3      | Noticed Crazy Yiuf
  2530 | D:4      | Noticed Blork the orc
  2825 | D:4      | Noticed Sigmund
  2841 | D:4      | Killed Sigmund
  2842 | D:4      | Reached skill level 4 in Fighting
  2842 | D:4      | Gained mutation: You regenerate a little health from kills.
                  | [demonic ancestry]
  2842 | D:4      | Reached XP level 6. HP: 32/48 MP: 6/6
  2933 | D:4      | Found an opulent altar of Gozag.
  3157 | D:4      | Killed Blork the orc
  3583 | D:4      | Reached XP level 7. HP: 33/55 MP: 7/7
  3793 | D:4      | Found a broken altar of Ashenzari.
  3796 | D:4      | Noticed Eustachio
  3820 | D:4      | Reached skill level 5 in Fighting
  3820 | D:4      | Reached skill level 5 in Throwing
  3874 | D:4      | Killed Eustachio
  4283 | D:4      | Noticed Ijyb
  4302 | D:4      | Killed Ijyb
  4529 | D:5      | Entered Level 5 of the Dungeon
  4778 | D:4      | Gained mutation: You regenerate health from kills. [demonic
                  | ancestry]
  4778 | D:4      | Reached XP level 8. HP: 42/64 MP: 8/8
  5203 | D:5      | Found a staircase to the Ecumenical Temple.
  5229 | D:5      | Reached skill level 6 in Fighting
  5229 | D:5      | Reached skill level 1 in Evocations
  5231 | Temple   | Entered the Ecumenical Temple
  5250 | Temple   | Became a worshipper of Makhleb the Destroyer
  5942 | D:5      | Found a stormy altar of Qazlal.
  5943 | D:5      | Noticed an air elemental
  5956 | D:5      | Found a shimmering altar of Xom.
  5959 | D:5      | Found an iron altar of Okawaru.
  6112 | D:6      | Noticed Pikel
  6137 | D:6      | Killed Pikel
  6138 | D:6      | Reached skill level 7 in Fighting
  6138 | D:6      | Reached skill level 5 in Evocations
  6155 | D:6      | Gained mutation: You have a tail ending in a sharp stinger.
                  | [demonic ancestry]
  6155 | D:6      | Reached XP level 9. HP: 65/72 MP: 9/9
  6169 | D:6      | Found a sand-covered staircase.
  6184 | Ossuary  | Entered an ossuary
  6232 | Ossuary  | Reached skill level 1 in Stealth
  6284 | Ossuary  | Reached * piety under Makhleb
  7199 | D:6      | Reached ** piety under Makhleb
  7370 | D:7      | Reached skill level 8 in Fighting
  7397 | D:7      | Found a basalt altar of Yredelemnul.
  7420 | D:6      | Reached skill level 5 in Stealth
  7642 | D:7      | Reached skill level 1 in Long Blades
  8771 | D:8      | Noticed Jeremiah
  8774 | D:8      | Gained mutation: When seriously injured, your blood forms
                  | thick armour. (AC +9) [demonic ancestry]
  8774 | D:8      | Reached XP level 10. HP: 82/82 MP: 10/10
  8812 | D:8      | Killed Jeremiah
  9272 | D:8      | Reached *** piety under Makhleb
  9284 | D:8      | Found a large runed translucent door.
  9285 | D:8      | Found a large runed translucent door.
  9290 | D:8      | Noticed napier2's ghost (novice MiBe)
  9818 | D:9      | Gained mutation: You passively map a small area around you.
                  | [potion of mutation]
  9861 | D:9      | Reached skill level 9 in Fighting
  9932 | D:9      | Reached skill level 5 in Long Blades
 10103 | D:9      | Noticed a two-headed ogre
 10110 | D:9      | Killed a two-headed ogre
 10581 | D:9      | Reached **** piety under Makhleb
 10738 | D:10     | Entered Level 10 of the Dungeon
 10738 | D:10     | Found an ancient bone altar of Kikubaaqudgha.
 10842 | D:10     | Noticed an obsidian statue
 10861 | D:10     | Noticed an orange demon
 10882 | D:10     | Gained mutation: Potions are less effective at restoring
                  | your health. [a neqoxec]
 11062 | D:10     | Reached skill level 10 in Fighting
 11668 | D:10     | Killed an obsidian statue
 11669 | D:10     | Reached XP level 11. HP: 85/91 MP: 11/11
 12055 | D:11     | Reached ***** piety under Makhleb
 12271 | D:11     | Reached skill level 5 in Dodging
 12530 | D:11     | Found a staircase to the Lair.
 13188 | D:12     | Reached skill level 1 in Invocations
 13333 | D:12     | Reached skill level 11 in Fighting
 13575 | D:12     | Reached skill level 5 in Invocations
 13757 | D:12     | Found a staircase to the Orcish Mines.
 14554 | D:13     | Noticed a glowing orange brain
 14561 | D:13     | Noticed a purple ugly thing
 14562 | D:13     | Noticed a boulder beetle
 14562 | D:13     | Noticed a centaur warrior
 14565 | D:13     | Killed a glowing orange brain
 14566 | D:13     | Noticed a vault guard
 14585 | D:13     | Killed a vault guard
 14702 | D:13     | Found a gate to the Vaults.
 14710 | D:13     | Noticed a deep elf pyromancer
 14722 | D:13     | Killed a deep elf pyromancer
 14723 | D:13     | Gained mutation: You regenerate a lot of health from kills.
                  | [demonic ancestry]
 14723 | D:13     | Reached XP level 12. HP: 101/101 MP: 18/18
 14764 | D:13     | Noticed a centaur warrior
 14778 | D:13     | Killed a centaur warrior
 14825 | D:13     | Noticed a centaur warrior
 14833 | D:13     | Killed a centaur warrior
 15090 | D:13     | Reached skill level 12 in Fighting
 15144 | D:13     | Noticed an ogre mage
 15147 | D:13     | Noticed a two-headed ogre
 15147 | D:13     | Noticed a two-headed ogre
 15147 | D:13     | Noticed a two-headed ogre
 15159 | D:13     | Killed a two-headed ogre
 15160 | D:13     | Reached skill level 10 in Invocations
 15163 | D:13     | Paralysed by something for 2 turns
 15169 | D:13     | Slain by a two-headed ogre

Illustrated notes

Levels and vault maps discovered:
D:1:      grunt_arrival_lava_bath, layout_basic, minmay_ruptured
D:2:      layout_basic, minivault_25, dk_vineyard_2, kennysheep_generic_room_14,
          uniq_jessica, uniq_robin
D:3:      layout_loops_ring, uniq_crazy_yiuf_cottage
D:4:      layout_basic, general_overflow_altar, lemuel_crystal_altar,
          grunt_ministairs_2, uniq_eustachio, uniq_ijyb, uniq_blork_the_orc,
          uniq_sigmund
D:5:      layout_basic, nicolae_qazlal_style_of_elements,
          nicolae_overflow_hidden_temple, minmay_temple_entry_wispy,
          hangedman_decor_growths, chequers_serial_rivers_micro_c,
          minmay_misc_feat_square
D:6:      layout_loops_ring, chequers_ossuary_entry_cave,
          nicolae_figureground_pulse, uniq_pikel
D:7:      layout_gridville, yredelemnul_altar_generic
D:8:      layout_loops_corners, ebering_ghost_disaster_area, uniq_jeremiah
D:9:      layout_roguey, nicolae_tso_carved_into_rock, nicolae_titane
D:10:     layout_cave_pods, amcnicky_altar_gilded, moated_statue,
          minmay_statue_bubble
D:11:     layout_basic, lair_entry_dummy, serial_rivers,
          chequers_serial_rivers_small_3, chequers_serial_rivers_micro_d,
          chequers_serial_rivers_room_b, chequers_serial_rivers_micro_d,
          chequers_serial_rivers_large_b, chequers_serial_rivers_marsh
D:12:     layout_loops_corners, kennysheep_orc_monster_closet_entryway,
          roderic_serpentine_path
D:13:     layout_roguey, hellmonk_vaults_order_and_chaos
Temple:   nicolae_temple_hex_pool

Skill      XL: |  1  2  3  4  5  6  7  8  9 10 11 12 |
---------------+-------------------------------------+-----
Short Blades   | 3 4 |  4.5
Fighting       | 3 4 5 7 8 10 11 12 | 12.1
Throwing       | 3 4 6 |  6.3
Evocations     | 5 |  5.2
Stealth        | 5 |  5.0
Long Blades    | 3 7 |  7.3
Dodging        | 3 6 |  6.0
Invocations    | 8 10 | 10.1

Action                     |  1- 3 |  4- 6 |  7- 9 | 10-12 || total
---------------------------+-------+-------+-------+-------++-------
  Melee: Rapier            |   126 |       |       |       ||   126
         Punch             |     5 |    12 |    38 |       ||    55
         Dagger            |    29 |   173 |   211 |       ||   413
         Tailslap          |       |    19 |   101 |    74 ||   194
         Short sword       |       |       |   305 |       ||   305
         Great sword       |       |       |    79 |   492 ||   571
  Throw: Dart              |       |    16 |    26 |    32 ||    74
         Throwing net      |       |     3 |       |     2 ||     5
         Javelin           |       |       |     4 |     1 ||     5
         Boomerang         |       |       |     1 |     3 ||     4
 Invoke: Lesser Servant of |       |       |       |     2 ||     2
  Evoke: Wand              |       |     2 |     1 |     8 ||    11
    Use: Scroll            |       |     4 |     6 |     5 ||    15
         Potion            |       |       |     3 |     3 ||     6
   Stab: Sleeping          |     1 |       |     5 |     7 ||    13
         Distracted        |       |       |       |     1 ||     1
         Held in net/web   |       |       |       |     2 ||     2
 Armour: Leather armour    |   103 |    64 |   291 |   532 ||   990
         Steam dragon scal |       |       |    76 |    13 ||    89
  Dodge: Dodged            |   142 |    61 |   312 |   493 ||  1008

Table legend: (Time is in decaauts)
 A = Elapsed time spent in this place.
 B = Non-inter-level travel time spent in this place.
 C = Inter-level travel time spent in this place.
 D = Time resting spent in this place.
 E = Time spent auto-exploring this place.
 F = Levels seen in this place.
 G = Mean time per level.
                   A        B        C        D        E       F      G
               +--------+--------+--------+--------+--------+-----+--------+
         Total |  15112 |  14542 |    570 |   2844 |   8924 |  15 | 1007.5 |
       Dungeon |  14583 |  14050 |    533 |   2646 |   8811 |  13 | 1121.8 |
        Temple |    251 |    214 |     37 |    198 |      0 |   1 |  251.0 |
       Ossuary |    277 |    277 |      0 |      0 |    113 |   1 |  277.0 |
               +--------+--------+--------+--------+--------+-----+--------+

Top non-repeatable levels by time:
     D:4: 2000 daAuts
    D:12: 1426 daAuts
    D:11: 1408 daAuts
     D:6: 1236 daAuts
     D:8: 1176 daAuts
     D:7: 1105 daAuts
     D:1: 1082 daAuts
    D:10: 1048 daAuts
     D:3: 1033 daAuts
     D:9: 972 daAuts
     D:5: 808 daAuts
    D:13: 663 daAuts
     D:2: 619 daAuts
 Ossuary: 277 daAuts
  Temple: 251 daAuts
